 Dungeon Crawl Stone Soup version 0.23-a0-512-g50a8178 (webtiles) character file.

32 theanonym the Skirmisher (level 3, -6/28 HPs)
             Began as a Mummy Warper on Dec 4, 2018.
             Mangled by a wight
             ... wielding a +0 trident
              (7 damage)
             ... on level 1 of the Dungeon.
             The game lasted 00:01:16 (1006 turns).

theanonym the Skirmisher (Mummy Warper)             Turns: 1006, Time: 00:01:17

Health: -6/28      AC:  8    Str: 15    XL:     3   Next: 10%
Magic:  7/7        EV:  6    Int: 12    God:
Gold:   65         SH:  0    Dex: 11    Spells: 7/7 levels left

rFire    . . .     SeeInvis .   a - +0 mace
rCold    + . .     Gourm    .   (no shield)
rNeg     + + +     Faith    .   c - +0 chain mail
rPois    ∞         Spirit   .   (no helmet)
rElec    .         Reflect  .   (no cloak)
rCorr    .         Harm     .   (no gloves)
MR       .....                  (no boots)
Stlth    ..........             (no amulet)
HPRegen  0.09/turn              g - ring of protection from fire
MPRegen  0.10/turn              (no ring)

@: no status effects
A: no food or potions, fire vulnerability, cold resistance 1, negative energy
resistance 3, torment resistance, unbreathing
a: no special abilities


Innate Abilities, Weirdness & Mutations

You do not eat or drink.
Your flesh is vulnerable to fire.
You are immune to poison.
Your flesh is cold resistant. (rC+)
You are immune to negative energy. (rN+++)
You are immune to unholy pain and torment.
You can survive without breathing.


   Skills:
 + Level 2.9 Fighting
 + Level 2.3 Maces & Flails
 - Level 0.7 Throwing
 - Level 0.7 Armour
 - Level 1.5 Dodging
 - Level 2.6 Spellcasting
   Level 2.4 Translocations


You had 7 spell levels left.
You didn't know any spells.
Your spell library contained the following spells:

 Spells                   Type           Power        Failure   Level  Hunger
 Blink                    Tloc           N/A          98%         2    N/A
 Shroud of Golubria       Chrm/Tloc      #.........   99%         2    N/A
 Gell's Gravitas          Tloc           #.........   100%        3    N/A
 Lesser Beckoning         Tloc           #.........   100%        3    N/A
 Teleport Other           Tloc           #.......     100%        3    N/A
 Passage of Golubria      Tloc           N/A          100%        4    N/A

Skill      XL: |  1  2 |
---------------+-------+-----
Maces & Flails | 2 |  2.3
Fighting       | |  2.9
Throwing       | |  0.7
Armour         | |  0.7
Dodging        | |  1.5
Spellcasting   | |  2.6
Translocations | |  2.4

Action                   || total
-------------------------++-------
Melee: Mace              ||    85
Armor: Leather armour    ||    15
       Chain mail        ||    49
Dodge: Dodged            ||    59

Inventory:

Hand Weapons
 a - a +0 mace (weapon)
Missiles
 e - 5 tomahawks of dispersal (quivered)
Armour
 b - a +0 leather armour
 c - a +0 chain mail (worn)
   (You found it on level 1 of the Dungeon)
Jewellery
 g - a ring of protection from fire (left hand)
   (You found it on level 1 of the Dungeon)
Scrolls
 d - 3 scrolls of amnesia {unknown}
 f - 2 scrolls of remove curse {unknown}
 h - a scroll of magic mapping {unknown}
 i - a scroll of enchant armour {unknown}
 B - a scroll of blinking


You were on level 1 of the Dungeon.
You were not hungry.

You visited 1 branch of the dungeon, and saw 2 of its levels.

You collected 65 gold pieces.

Dungeon Overview and Level Annotations

Branches:
Dungeon (2/15)

Altars:

### ..# ..# [.# ..#
##################
##########......@.........#
....z...##......z.#######.#
#######.##......z.........#
......#.##................#
......#.##................#
......#.##....#)..........######
####..#..#.....(......###......#
#..#.z###..(.......# ######.# #
#..#...##..(.......#### #.#


You could see 2 wights.

Notes
Turn   | Place    | Note
-------+----------+-------------------------------------------
     0 | D:1      | theanonym the Mummy Warper began the quest for the Orb.
     0 | D:1      | Reached XP level 1. HP: 16/16 MP: 4/4
    84 | D:1      | Reached XP level 2. HP: 13/23 MP: 5/5
   189 | D:1      | Reached skill level 2 in Maces & Flails
   814 | D:1      | Reached XP level 3. HP: 26/28 MP: 7/7
   961 | D:1      | HP: 10/28 [wight/cursed +1 scimitar of freezing (9)]
  1006 | D:1      | HP: 2/28 [wight/cursed +1 scimitar of freezing (10)]
  1006 | D:1      | Mangled by a wight

Vanquished Creatures
  2 giant cockroaches (D:1)
  5 goblins (D:1)
  4 hobgoblins (D:1)
  5 kobolds (D:1)
  5 bats (D:1)
  A frilled lizard (D:1)
  8 rats (D:1)
30 creatures vanquished.

Table legend:
 A = Turns spent in this place as a percentage of turns spent in the entire game.
 B = Non-inter-level travel turns spent in this place as a percentage of non-inter-level travel turns spent in the entire game.
 C = Inter-level travel turns spent in this place as a percentage of turns spent in this place.
 D = Turns resting spent in this place as a percentage of non-inter-level travel turns spent in this place.
 E = Turns spent auto-exploring this place as a percentage of non-inter-level travel turns spent in this place.
 F = Non-inter-level travel turns spent in this place divided by the number of levels of this place that you've seen.
                   A       B       C       D       E      F
               +-------+-------+-------+-------+-------+----------------------
         Total | 100.0 | 100.0 |   3.7 |  17.3 |  54.1 | 484.5
       Dungeon | 100.0 | 100.0 |   3.7 |  17.3 |  54.1 | 484.5
               +-------+-------+-------+-------+-------+----------------------
